 Dungeon Crawl Stone Soup version 0.21.1-1-g345015f (webtiles) character file.

254 ubername the Skirmisher (level 5, -2/42 HPs)
             Began as a Demonspawn Abyssal Knight on May 29, 2018.
             Was a Priest of Lugonu.
             Slain by Eustachio
             ... wielding a +0 falchion
              (4 damage)
             ... on level 4 of the Dungeon.
             The game lasted 00:10:54 (3617 turns).

ubername the Skirmisher (Demonspawn Abyssal Knight) Turns: 3617, Time: 00:10:55

Health: -2/42      AC: 12    Str: 14    XL:     5   Next: 91%
Magic:  5/6        EV:  7    Int: 13    God:    Lugonu [***...]
Gold:   132        SH:  0    Dex: 12    Spells: 4/4 levels left

rFire    . . .     SeeInvis .   a - +1 falchion
rCold    . . .     Gourm    .   (no shield)
rNeg     . . .     Faith    .   p - +0 chain mail
rPois    .         Spirit   .   (helmet restricted)
rElec    .         Reflect  .   i - +0 cloak
rCorr    .         Harm     .   (no gloves)
MR       .....                  (no boots)
Stlth    ..........             (no amulet)
HPRegen  0.14/turn              (no ring)
MPRegen  0.10/turn              (no ring)

@: no status effects
A: horns 1, yellow scales 1
a: Depart the Abyss, Bend Space, Banish, Renounce Religion


You were on level 4 of the Dungeon.
You worshipped Lugonu.
Lugonu was most pleased with you.
You were not hungry.

You visited 1 branch of the dungeon, and saw 4 of its levels.
You visited the Abyss 1 time.

You collected 132 gold pieces.

Inventory:

Hand Weapons
 a - a +1 falchion (weapon)
 e - a +0 hunting sling
 o - a +0 arbalest
 r - a +0 halberd
 s - a +0 flail
 z - a +1 spear of piercing
Missiles
 h - 17 arrows
 j - 36 stones (quivered)
 y - 12 sling bullets
Armour
 d - a +2 leather armour of fire resistance
 f - a +0 ring mail
 i - a +0 cloak (worn)
 n - a +0 scale mail
 p - a +0 chain mail (worn)
Jewellery
 q - a cursed ring of teleportation
 u - an uncursed ring of protection from magic {unknown}
Scrolls
 k - a scroll of fog
 w - a scroll of amnesia
 x - a scroll of remove curse
 A - a scroll of noise {unknown}
 B - a scroll of identify
Potions
 b - a potion of ambrosia {unknown}
 l - a potion of curing {unknown}
 m - a potion of lignification {unknown}
 v - a potion of resistance {unknown}
Comestibles
 c - 3 rations


   Skills:
 + Level 3.8 Fighting
 + Level 3.3 Long Blades
 - Level 1.2 Maces & Flails
 + Level 0.9 Throwing
 + Level 3.1 Armour
 + Level 2.1 Dodging
 + Level 0.1 Stealth
 + Level 2.4 Invocations


You had 4 spell levels left.
You didn't know any spells.

Dungeon Overview and Level Annotations

Branches:
Dungeon (4/15)
 Temple: D:4-7

Altars:
Ashenzari
Nemelex Xobeh
Zin

Shops:
D:2 *

Annotations:
D:4 Eustachio


Innate Abilities, Weirdness & Mutations

You have a pair of small horns on your head.
You are partially covered in yellow scales. (AC +2)


Message History

The rat bites you but does no damage. x2; The rat bites you.
* * * LOW HITPOINT WARNING * * *
The quokka bites you but does no damage.
The hound bites you but does no damage.
You aren't in the Abyss!
Okay, then.
Your chain mail prevents you from hitting Eustachio.
Eustachio is almost dead.
The leopard gecko bites you but does no damage.
Eustachio hits you but does no damage. The iron imp puffs mist at you.
The iron imp hits you but does no damage.
The rat bites you but does no damage. The rat closely misses you.
The hound bites you but does no damage. The quokka barely misses you.
You riposte.
You hit the quokka but do no damage. The rat closely misses you.
The leopard gecko bites you but does no damage.
You closely miss Eustachio. Your headbutt misses Eustachio.
Eustachio is almost dead.
The hound bites you but does no damage. Eustachio hits you with a falchion.
You die...

########[..
#.........
##.........
..........
.........# ........#
## #....#####...
#.rlr.5....
#.h@@5..... #
#.rr5......
#.##....(.....
#..'.........8
#####.†.....##.
#............#
#....##≈#....#
.######..###≈≈##≈...
.........≈≈≈≈#≈ #...


You could see Eustachio, a hound, 2 iron imps, a shadow imp, a leopard gecko, a
quokka and 3 rats.

Vanquished Creatures
  Jessica (D:3)
  8 adders
  8 gnolls
  An ooze (D:3)
  A dart slug (D:1)
  A leopard gecko (D:1)
  8 orcs (D:3)
  A ball python (D:4)
  7 bats
  3 giant cockroaches
  5 goblins
  6 hobgoblins
  8 jackals
  3 kobolds
  3 quokkas
  4 frilled lizards
  2 rats (D:1)
70 creatures vanquished.

Notes
Turn   | Place    | Note
-------+----------+-------------------------------------------
     0 | Abyss:1  | ubername the Demonspawn Abyssal Knight began the quest for the Orb.
     0 | Abyss:1  | Reached XP level 1. HP: 18/18 MP: 2/2
    22 | D:1      | Escaped the Abyss
   107 | D:1      | Reached skill level 1 in Dodging
   487 | D:1      | Gained mutation: You are partially covered in yellow scales. (AC +2) [demonic ancestry]
   487 | D:1      | Reached XP level 2. HP: 24/24 MP: 3/3
   936 | D:1      | Reached ** piety under Lugonu
  1424 | D:1      | Gained mutation: You have a pair of small horns on your head. [demonic ancestry]
  1424 | D:1      | Reached XP level 3. HP: 29/29 MP: 4/4
  1554 | D:2      | Reached skill level 1 in Maces & Flails
  1858 | D:2      | Reached XP level 4. HP: 22/35 MP: 5/5
  2330 | D:2      | Found Zin's Purification Station.
  2333 | D:2      | Found a glowing silver altar of Zin.
  2789 | D:3      | Reached XP level 5. HP: 34/41 MP: 6/6
  2974 | D:3      | Reached *** piety under Lugonu
  3146 | D:3      | Found a sparkling altar of Nemelex Xobeh.
  3265 | D:3      | Noticed Jessica
  3275 | D:3      | Killed Jessica
  3358 | D:3      | Found a shattered altar of Ashenzari.
  3582 | D:4      | Noticed Eustachio
  3615 | D:4      | HP: 2/42 [rat[Eustachio] (1)]
  3617 | D:4      | Slain by Eustachio

Skill      XL: |  1  2  3  4  5 |
---------------+----------------+-----
Long Blades    | 2 3 |  3.3
Dodging        | 1 2 |  2.1
Armour         | 2 3 |  3.1
Maces & Flails | 1 |  1.2
Fighting       | |  3.8
Throwing       | |  0.9
Stealth        | |  0.1
Invocations    | |  2.4

Action                   |  1- 3 |  4- 6 || total
-------------------------+-------+-------++-------
Melee: Falchion          |    52 |   121 ||   173
       Mace              |   120 |       ||   120
       Headbutt          |     5 |    23 ||    28
Throw: Javelin           |       |    32 ||    32
       Stone             |       |     1 ||     1
Invok: Bend Space        |       |     1 ||     1
  Use: Scroll            |     4 |     2 ||     6
  Eat: Chunk             |     3 |     6 ||     9
Armor: Leather armour    |    73 |       ||    73
       Chain mail        |    15 |   161 ||   176
Dodge: Dodged            |   137 |    89 ||   226
       Rpst.: Falchion   |    13 |    31 ||    44
